 Dungeon Crawl Stone Soup version 0.13-a0-1672-g2e244fd (webtiles) character file.

253 Root the Sneak (level 5, -1/24 HPs)
             Began as a Spriggan Enchanter on June 19, 2013.
             Slain by an adder (2 damage)
             ... on Level 4 of the Dungeon.
             The game lasted 00:05:43 (3452 turns).

Root the Sneak (Spriggan Enchanter)                 Turns: 3452, Time: 00:05:43

HP  -1/24        AC  3     Str  5      XL: 5   Next:  4%
MP  13/13        EV 18     Int 16 (17) God:
Gold 110         SH  0     Dex 16      Spells:  2 memorised,  3 levels left

Res.Fire  : . . .   See Invis. : +   h - +0 elf short sword
Res.Cold  : . . .   Warding    : .   b - +1 robe
Life Prot.: . . .   Conserve   : .   (shield restricted)
Res.Poison: .       Res.Corr.  : .   (helmet restricted)
Res.Elec. : .       Clarity    : .   (no cloak)
Sust.Abil.: . .     Spirit.Shd : .   (gloves unavailable)
Res.Mut.  : .       Stasis     : .   (boots unavailable)
Res.Rott. : .       Flight     : .   (no amulet)
Saprovore : . . .                    (no ring)
                                     (no ring)

@: mildly poisoned, very quick, somewhat resistant to hostile enchantments,
quite stealthy
A: unfitting armour, see invisible, herbivore 3, speed 3, slow metabolism 2
a: no special abilities


You were on level 4 of the Dungeon.
You were not hungry.

You visited 1 branch of the dungeon, and saw 4 of its levels.

You collected 90 gold pieces.

Inventory:

Hand weapons
 a - a +1,+1 dagger {=f}
 h - a +0,+0 elven short sword (weapon)
Missiles
 d - 17 darts (quivered)
 s - 28 darts of frost
 t - a dart of flame
Armour
 b - a +1 robe (worn)
Comestibles
 m - a pear
 x - a bread ration
Scrolls
 f - 5 scrolls of identify {unknown}
 g - 2 scrolls of teleportation {unknown}
 j - 5 scrolls of remove curse {unknown}
 k - a scroll of fear {unknown}
 o - a scroll of curse jewellery {unknown}
 p - 2 scrolls of random uselessness {unknown}
 u - a scroll of amnesia {unknown}
 w - a scroll of magic mapping {unknown}
Potions
 e - a potion of porridge
 l - a potion of cure mutation {unknown}
 n - a potion of curing {unknown}
 q - a potion of invisibility {unknown}
 r - a potion of flight {unknown}
 v - a potion of brilliance {unknown}
 z - a potion of magic {unknown}
Books
 c - a book of Maledictions

   Spells                             Type                      Level
   *Corona                            Hexes                        1
   Sure Blade                         Hexes/Charms                 2
   *Ensorcelled Hibernation           Hexes/Ice                    2
   Confuse                            Hexes                        3
   Enslavement                        Hexes                        4
   Invisibility                       Hexes                        6


   Skills:
 + Level 3.8 Short Blades
 - Level 1.1 Throwing
 - Level 3.0 Dodging
 + Level 6.1 Stealth
 - Level 1.3 Spellcasting
 - Level 3.6 Hexes


You had 3 spell levels left.
You knew the following spells:

 Your Spells              Type           Power        Failure   Level  Hunger
a - Corona                Hex            ##.....      8%          1    ##.....
b - Ensorcelled Hibernat  Hex/Ice        #.....       17%         2    ###....


Dungeon Overview and Level Annotations

Branches:
Dungeon (4/27)
 Temple: D:4-7

Altars:

Annotations
D:3 Grinder


Innate Abilities, Weirdness & Mutations

You are tiny and cannot use many weapons and most armour.
You have supernaturally acute eyesight.
You are a herbivore.
You cover ground extremely quickly.
You need consume almost no food.


Message History

The adder closely misses you.
You hit the adder.
The adder is heavily wounded.
* * * LOW HITPOINT WARNING * * *
You feel sick. The adder barely misses you.
You closely miss the adder.
The adder is heavily wounded.
The adder misses you.
You miss the adder.
The adder is heavily wounded.
The adder barely misses you.
You closely miss the adder.
The adder is heavily wounded.
The adder bites you.
* * * LOW HITPOINT WARNING * * *
Drink which item? (? for menu, Esc to quit)
There was something very wrong with that liquid!
You feel dopey.
It was a potion of degeneration.
The adder misses you. The adder bites you.
You die...

...
#.#
#.#
#.#
#.#
#.#
#.#
#S#
#@#
###


You could see an adder.

Vanquished Creatures
  4 gnolls (D:2)
  4 adders (D:3)
  A giant mite (D:3)
  A worm (D:1)
  5 giant geckos
  2 oozes (D:2)
  10 bats
  2 giant cockroaches (D:1)
  4 goblins
  2 hobgoblins (D:1)
  2 jackals (D:1)
  A quokka (D:2)
  A giant newt (D:2)
  13 kobolds
  A quokka zombie (D:3)
  5 rats
58 creatures vanquished.

Notes
Turn   | Place    | Note
--------------------------------------------------------------
     0 | D:1      | Root, the Spriggan Enchanter, began the quest for the Orb.
     0 | D:1      | Reached XP level 1. HP: 9/9 MP: 4/4
   252 | D:1      | Reached XP level 2. HP: 13/13 MP: 6/6
   622 | D:1      | Reached skill level 4 in Stealth
   696 | D:1      | Learned a level 2 spell: Ensorcelled Hibernation
   941 | D:1      | Reached XP level 3. HP: 14/16 MP: 9/9
  2018 | D:2      | Reached skill level 5 in Stealth
  2101 | D:2      | Reached XP level 4. HP: 14/21 MP: 11/11
  3147 | D:3      | Noticed Grinder
  3299 | D:3      | Reached skill level 6 in Stealth
  3432 | D:3      | Reached XP level 5. HP: 13/24 MP: 13/13
  3451 | D:4      | HP: 1/24 [adder (4)]
  3452 | D:4      | Slain by an adder

Action                   |  1- 3 |  4- 6 || total
-------------------------+-------+-------++-------
Melee: Dagger            |    22 |       ||    22
       Short sword       |   105 |   100 ||   205
Throw: Dart              |    31 |     8 ||    39
  Use: Potion            |       |     1 ||     1
 Stab: Sleeping          |     7 |     3 ||    10
       Distracted        |     1 |       ||     1
